 Dungeon Crawl Stone Soup version 0.27-a0-562-g0d39f094a4 (webtiles) character file.

Game seed: 1193867265086069558

126 pokeman the Magician (level 4, -2/25 HPs)
             Began as a Deep Elf Hedge Wizard on Mar 9, 2021.
             Slain by a kobold
             ... wielding a +0 whip
              (3 damage)
             ... on level 3 of the Dungeon.
             The game lasted 00:05:16 (2862 turns).

pokeman the Magician (Deep Elf Hedge Wizard)        Turns: 2862, Time: 00:05:17

Health: -2/25      AC:  4    Str: 11 (13) XL:     4   Next: 83%
Magic:  1/13       EV: 12    Int: 17 (20) God:
Gold:   133        SH:  0    Dex: 12 (14) Spells: 3/14 levels left

rFire    . . .     SeeInvis .   c - +0 dagger (speed)
rCold    . . .     Faith    .   (no shield)
rNeg     . . .     Spirit   .   n - +0 leather armour
rPois    .         Reflect  .   r - +0 helmet
rElec    .         Harm     .   (no cloak)
rCorr    .         Rampage  .   (no gloves)
Will     +....                  (no boots)
Stlth    ++........             (no amulet)
HPRegen  0.08/turn              q - +6 ring of strength
MPRegen  0.13/turn              h - ring of willpower

@: lethally poisoned (-2 -> -5), attractive, very slightly contaminated,
invisible
A: no striking features
a: no special abilities


You were on level 3 of the Dungeon.
You visited 1 branch of the dungeon, and saw 3 of its levels.

You collected 133 gold pieces.

Inventory:

Hand Weapons
 c - a +0 dagger of speed (weapon)
Missiles
 i - 15 bolts
 o - 49 arrows
Armour
 g - a +2 ring mail of fire resistance
 n - a +0 leather armour (worn)
 r - a +0 helmet (worn)
Jewellery
 h - a ring of willpower (right hand)
 q - a +6 ring of strength (left hand)
Scrolls
 a - a scroll of noise {unknown}
 b - a scroll of immolation {unknown}
 f - 3 scrolls of identify {unknown}
 k - a scroll of fog {unknown}
 p - a scroll of magic mapping {unknown}
 s - a scroll of enchant armour {unknown}
Potions
 d - a potion of attraction
 l - a potion of resistance {unknown}
 m - a potion of flight {unknown}
 t - a potion of heal wounds {unknown}


   Skills:
 - Level 1.0 Fighting
 - Level 1.0 Armour
 - Level 3.0 Dodging
 + Level 2.4 Stealth
 * Level 5.8 Spellcasting
 + Level 2.4 Conjurations
 - Level 1.1 Summonings
 - Level 1.1 Translocations
 - Level 1.1 Fire Magic
 + Level 0.0 Air Magic


You had 3 spell levels left.
You knew the following spells:

 Your Spells              Type           Power      Damage    Failure   Level
a - Magic Dart            Conj           52%        1d5       6%          1
b - Mephitic Cloud        Conj/Pois/Air  7%         N/A       36%         3
c - Call Imp              Summ           8%         N/A       17%         2
d - Blink                 Tloc           N/A        N/A       17%         2
e - Conjure Flame         Conj/Fire      11%        6-21      24%         3

Your spell library contained the following spells:

 Spells                   Type           Power      Damage    Failure   Level
 Slow                     Hex            4%         N/A       26%         2


Dungeon Overview and Level Annotations

Branches:
Dungeon (3/15)

Altars:
Makhleb

Annotations:
D:3 Sigmund


Message History

Your Fire Magic skill increases to level 1!
Unknown command.
Casting: Magic Dart (safe; 4% risk of failure)
Confirm with . or Enter, or press ? or * to list all spells.
The spell is extremely dangerous to cast (28% risk of failure)!
Continue anyway?
Aiming: Mephitic Cloud (extremely dangerous; 28% risk of failure)
Press: ? - help, Shift-Dir - straight line, f - kobold
Aim: a kobold, wielding a +0 whip and quivering stones (chance to affect: 96%) That beam is likely to hit you.
Continue anyway?
Okay, then.
Unknown command.
You barely miss the kobold. The kobold hits you with a +0 whip.
Casting: Mephitic Cloud (extremely dangerous; 28% risk of failure)
Confirm with . or Enter, or press ? or * to list all spells.
The spell is extremely dangerous to cast (28% risk of failure)!
Continue anyway?
Aiming: Mephitic Cloud (extremely dangerous; 28% risk of failure)
Press: ? - help, Shift-Dir - straight line, f/p - kobold
Aim: a kobold, wielding a +0 whip and quivering stones (chance to affect: 96%) That beam is likely to hit you.
Continue anyway?
You miscast Mephitic Cloud.
You feel odd.
You are poisoned.
You feel sick. Something hits you!
* * * LOW HITPOINT WARNING * * *
The kobold hits you but does no damage.
The kobold throws a stone.
The stone closely misses you.
It was a potion of attraction.
You feel attractive to monsters. Something is pulled toward you!
The kobold is pulled toward you! Something is pulled toward you!
It was a potion of invisibility.
You fade into invisibility!
* * * LOW HITPOINT WARNING * * *
You feel sick.
Sigmund appears from thin air!
Reactivating autopickup.
The kobold closely misses you. Sigmund closely misses you.
It was a potion of degeneration.
There was something very wrong with that liquid.
You feel weakened.
You feel dopey.
You feel clumsy. The kobold hits you with a +0 whip.
You die...

#.####.# #.##### #.# #.#
#.#..<# #.# #.# ########
#.#.###
#.####.###......#####.#....
#>.................##.#####
#..........................
######.###.##.####.##.#####
#.# #.##.# #.....# #.#
#@##.# #.....# #.# #K##.#
#.....# #.# #@##.# ##+#.##
#.# #)##.# ... #.# #.##.#
.(.. #.# #†# ... #.# #.#
#.# #.# #.# #.#


You could see Sigmund and a kobold.

Vanquished Creatures
  A hound (D:2)
  Ijyb (D:3)
  An adder (D:3)
  An ooze (D:1)
  A worm (D:2)
  3 leopard geckos
  3 giant cockroaches
  4 goblins
  6 hobgoblins
  2 jackals (D:2)
  5 kobolds
  2 ball pythons
  9 bats
  7 frilled lizards
  5 rats
51 creatures vanquished.

Notes
Turn   | Place    | Note
-------+----------+-------------------------------------------
     0 | D:1      | pokeman the Deep Elf Hedge Wizard began the quest for the
                  | Orb.
     0 | D:1      | Reached XP level 1. HP: 10/10 MP: 7/7
   258 | D:1      | Reached XP level 2. HP: 16/16 MP: 1/9
   890 | D:1      | Reached skill level 5 in Spellcasting
  1209 | D:1      | Reached XP level 3. HP: 20/20 MP: 9/11
  1213 | D:1      | Learned a level 3 spell: Mephitic Cloud
  1216 | D:1      | Learned a level 2 spell: Call Imp
  1219 | D:1      | Learned a level 2 spell: Blink
  1223 | D:1      | Learned a level 3 spell: Conjure Flame
  1652 | D:2      | Reached skill level 1 in Fighting
  1859 | D:2      | Reached skill level 1 in Armour
  2449 | D:2      | Found a burning altar of Makhleb.
  2457 | D:2      | Reached XP level 4. HP: 20/25 MP: 4/13
  2798 | D:3      | Noticed Ijyb
  2803 | D:3      | Noticed Sigmund
  2855 | D:3      | Killed Ijyb
  2856 | D:3      | Reached skill level 1 in Fire Magic
  2861 | D:3      | HP: 1/25 [poisoned by miscasting Mephitic Cloud]
  2862 | D:3      | Slain by a kobold

Illustrated notes

Levels and vault maps discovered:
D:1:      psy_arrival_fountain, layout_loops_ring
D:2:      layout_rooms, makhleb_blood_cavern_becter, minmay_misc_feat_tiny,
          minmay_tromino_v4_c
D:3:      layout_basic, uniq_sigmund, uniq_natasha, uniq_ijyb, uniq_jessica

Skill      XL: |  1  2  3  4 |
---------------+-------------+-----
Spellcasting   | 5 |  5.8
Fighting       | 1 |  1.0
Armour         | 1 |  1.0
Conjurations   | 2 |  2.4
Dodging        | 3 |  3.0
Fire Magic     | 1 |  1.1
Stealth        | |  2.4
Summonings     | |  1.1
Translocations | |  1.1

Action                   |  1- 3 |  4- 6 || total
-------------------------+-------+-------++-------
Melee: Dagger            |    35 |    40 ||    75
 Cast: Magic Dart        |   121 |    10 ||   131
       Mephitic Cloud    |     1 |     1 ||     2
       Conjure Flame     |       |     1 ||     1
  Use: Potion            |       |     3 ||     3
 Stab: Confused          |       |     3 ||     3
Armor: Robe              |     2 |       ||     2
       Leather armour    |    16 |     4 ||    20
Dodge: Dodged            |    42 |    21 ||    63

Table legend: (Time is in decaauts)
 A = Elapsed time spent in this place.
 B = Non-inter-level travel time spent in this place.
 C = Inter-level travel time spent in this place.
 D = Time resting spent in this place.
 E = Time spent auto-exploring this place.
 F = Levels seen in this place.
 G = Mean time per level.
                   A        B        C        D        E       F      G
               +--------+--------+--------+--------+--------+-----+--------+
         Total |   2838 |   2764 |     74 |    136 |   2201 |   3 |  946.0 |
       Dungeon |   2838 |   2764 |     74 |    136 |   2201 |   3 |  946.0 |
               +--------+--------+--------+--------+--------+-----+--------+

Top non-repeatable levels by time:
     D:1: 1369 daAuts
     D:2: 1249 daAuts
     D:3: 219 daAuts
